 Dungeon Crawl Stone Soup version 0.28.0-53-g5a82cb258f (webtiles) character file.

Game seed: 17177910074309037355

436 PrinceOfCinders the Chucker (level 6, -4/70 HPs)
             Began as a Troll Hunter on June 24, 2022.
             Slain by a gnoll
             ... wielding a +0 spear
              (6 damage)
             ... on level 4 of the Dungeon.
             The game lasted 00:16:38 (3156 turns).

PrinceOfCinders the Chucker (Troll Hunter)          Turns: 3156, Time: 00:16:39

Health: -4/70      AC:  5    Str: 23    XL:     6   Next: 68%
Magic:  5/5        EV: 10    Int:  7    God:
Gold:   130        SH:  0    Dex: 10    Spells: 5/5 levels left

rFire   + . .      SeeInvis +   j - +3 spear (freeze)
rCold   x . .      Faith    .   (no shield)
rNeg    . . .      Spirit   .   f - +1 animal skin
rPois   .          Reflect  .   (helmet restricted)
rElec   .          Harm     .   (no cloak)
rCorr   .          Rampage  .   (gloves unavailable)
Will    .....                   (boots unavailable)
Stlth   +.........              (no amulet)
HPRegen 1.01/turn               m - ring of see invisible
MPRegen 0.09/turn               n - ring of fire

@: no status effects
A: large, unfitting armour, claws 3, regeneration 1, shaggy fur 1, tough skin 1,
robust 2
a: no special abilities


You were on level 4 of the Dungeon.
You visited 1 branch of the dungeon, and saw 4 of its levels.

You collected 130 gold pieces.

Inventory:

Hand Weapons
 g - a +0 short sword of venom
 j - a +3 spear of freezing (weapon)
Missiles
 h - a large rock (quivered)
Armour
 b - a +0 robe
 f - a +1 animal skin (worn)
Jewellery
 m - a ring of see invisible (left claw)
 n - a ring of fire (right claw)
Scrolls
 a - a scroll of fog
 k - a scroll of fear
Potions
 c - a potion of ambrosia {unknown}
 e - a potion of curing
 i - a potion of invisibility
 l - a potion of degeneration


   Skills:
 + Level 2.4 Fighting
 + Level 0.2 Short Blades
 + Level 3.1 Polearms
 + Level 4.7 Throwing
 + Level 3.0 Dodging
 + Level 0.9 Stealth
 + Level 0.6 Unarmed Combat


You had 5 spell levels left.
You didn't know any spells.
Your spell library contained the following spells:

 Spells                   Type           Power      Damage    Failure   Level
 Beastly Appendage        Tmut           0%         N/A       43%         1
 Blink                    Tloc           0%         N/A       56%         2
 Wereblood                Tmut           0%         N/A       56%         2
 Gell's Gravitas          Tloc           0%         N/A       80%         3
 Lesser Beckoning         Tloc           0%         N/A       80%         3
 Spider Form              Tmut/Pois      0%         N/A       80%         3
 Teleport Other           Tloc           0%         N/A       80%         3
 Manifold Assault         Tloc           0%         N/A       100%        5
 Storm Form               Tmut/Air       0%         N/A       100%        7


Dungeon Overview and Level Annotations

Branches:
Dungeon (4/15)
 Temple: D:4-7

Altars:
Fedhas


Innate Abilities, Weirdness & Mutations

You are too large for most types of armour.
You have claws for hands.
Your natural rate of healing is unusually fast.
You are covered in fur. (AC +1)
You have tough skin. (AC +1)
You are very robust. (+20% HP)


Message History

Press: ? - help, Q - select action Shift-Dir - straight line, f/p - gnoll sergeant
Aim: a gnoll sergeant, wielding a +0 spear and wearing a +0 scale mail (almost dead, entangled in a net, 93% to hit)
You throw a large rock.
The large rock hits the gnoll sergeant!!
You kill the gnoll sergeant!
The gnoll closely misses you. x2
The gnoll misses you. The gnoll hits you with a +0 halberd!
Things that are here:
a +0 spear; a +0 scale mail; 2 large rocks The gnoll throws a stone.
The stone hits you.
The gnoll hits you from afar with a +0 halberd.
The gnoll hits you with a +0 spear!
* * * LOW HITPOINT WARNING * * *
The gnoll closely misses you.
Things that are here:
a +0 spear; a +0 scale mail; 2 large rocks The gnoll hits you from afar with a +0 spear.
* * * LOW HITPOINT WARNING * * *
The gnoll hits you from afar with a +0 halberd!
* * * LOW HITPOINT WARNING * * *
Throw: 3 large rocks
Press: ? - help, Q - select action Shift-Dir - straight line, f - gnoll
Aim: a gnoll, wielding a +0 club (63% to hit)
You throw a large rock.
The large rock closely misses the gnoll.
The gnoll barely misses you. The gnoll closely misses you.
The gnoll hits you from afar with a +0 halberd.
* * * LOW HITPOINT WARNING * * *
The gnoll barely misses you.
The gnoll throws a stone.
The stone hits you.
* * * LOW HITPOINT WARNING * * *
Throw: 2 large rocks
Press: ? - help, Q - select action Shift-Dir - straight line, f/p - gnoll
Aim: a gnoll, wielding a +0 club (63% to hit)
You throw a large rock.
The large rock closely misses the gnoll.
The gnoll hits you from afar with a +0 halberd!
* * * LOW HITPOINT WARNING * * *
The gnoll closely misses you.
The gnoll hits you from afar with a +0 spear.
You die...

..#.# ....# ..### .##
####### ### .#
####.....###..
####.........##.# ..
#....P.....##.# ###....
##..........##.##g......
#..............@)#
##..........##g##g#
##..........##......
#..).)).....#########
##...).............#
...........#.......#
....#)##.#.#.......#
....#.##.#.........#
...##.##.###.......#


You could see 3 gnolls.

Vanquished Creatures
  Eustachio (D:4)
  A gnoll sergeant (D:4)
  Robin (D:3)
  7 gnolls (D:4)
  6 adders
  An ufetubus (D:4)
  2 worms (D:2)
  3 dart slugs
  An orc (D:3)
  4 endoplasms
  2 giant cockroaches
  10 goblins
  11 hobgoblins
  3 jackals (D:2)
  4 quokkas
  8 ball pythons
  4 bats
  6 frilled lizards
  10 kobolds
  A rat (D:3)
86 creatures vanquished.

Vanquished Creatures (others)
  27 plants (D:4)
27 creatures vanquished.

Grand Total: 113 creatures vanquished

Notes
Turn   | Place    | Note
-------+----------+-------------------------------------------
     0 | D:1      | PrinceOfCinders the Troll Hunter began the quest for the
                  | Orb.
     0 | D:1      | Reached XP level 1. HP: 19/19 MP: 0/0
   207 | D:1      | Gained mutation: You are robust. (+10% HP) [potion of
                  | mutation]
   207 | D:1      | Gained mutation: You are very robust. (+20% HP) [potion of
                  | mutation]
   256 | D:1      | Reached skill level 4 in Throwing
   274 | D:1      | Reached XP level 2. HP: 29/32 MP: 1/1
   484 | D:1      | Found a faded altar of an unknown god.
  1142 | D:2      | Reached XP level 3. HP: 21/42 MP: 2/2
  1329 | D:2      | Reached XP level 4. HP: 49/50 MP: 3/3
  1331 | D:2      | Reached skill level 1 in Polearms
  1643 | D:3      | Found a blossoming altar of Fedhas.
  1657 | D:3      | Noticed Robin
  1665 | D:3      | Killed Robin
  2280 | D:3      | Reached XP level 5. HP: 58/58 MP: 4/4
  3029 | D:4      | Noticed Eustachio
  3041 | D:4      | Killed Eustachio
  3042 | D:4      | Reached XP level 6. HP: 53/68 MP: 5/5
  3156 | D:4      | HP: 2/70 [gnoll/+0 halberd (7)]
  3156 | D:4      | Slain by a gnoll

Illustrated notes

Levels and vault maps discovered:
D:1:      saegor_arrival_simple_b, layout_loops_corners,
          chequers_ecumenical_altar_twisty
D:2:      layout_rooms
D:3:      minmay_chambers_of_twos, layout_loops_ring, overflow_temple_1_default,
          serial_glass, glass_columns_b, glass_columns_c, item_on_display_b,
          due_unseen_surprise, uniq_robin
D:4:      layout_loops_cross, grunt_temple_overflow_open, nicolae_grassy_gnolls,
          uniq_eustachio

Skill      XL: |  1  2  3  4  5  6 |
---------------+-------------------+-----
Throwing       | 4 |  4.7
Polearms       | 1 2 3 |  3.1
Dodging        | 2 3 |  3.0
Fighting       | 2 |  2.4
Short Blades   | |  0.2
Stealth        | |  0.9
Unarmed Combat | |  0.6

Action                   |  1- 3 |  4- 6 || total
-------------------------+-------+-------++-------
Melee: Unarmed           |    14 |       ||    14
       Short sword       |     5 |       ||     5
       Spear             |    53 |   113 ||   166
       Punch             |       |     1 ||     1
Throw: Large rock        |    12 |    15 ||    27
       Throwing net      |       |     2 ||     2
  Use: Potion            |     1 |     2 ||     3
       Scroll            |       |     4 ||     4
 Stab: Sleeping          |       |     1 ||     1
Armor: Robe              |    50 |    12 ||    62
       Animal skin       |       |    22 ||    22
Dodge: Dodged            |    74 |    99 ||   173
